 Dungeon Crawl Stone Soup version 0.28.0-62-gf88900778d (webtiles) character file.

Game seed: 7523386213535018111

10964 cbfl8 the Cleaver (level 11, -16/97 HPs)
             Began as a Minotaur Berserker on June 29, 2023.
             Was a High Priest of Trog.
             Shot with a bolt by a yaktaur (22 damage)
             ... on level 11 of the Dungeon.
             The game lasted 00:08:01 (11371 turns).

cbfl8 the Cleaver (Minotaur Berserker)             Turns: 11371, Time: 00:08:01

Health: -16/97     AC: 15    Str: 22    XL:     11   Next: 43%
Magic:  10/10      EV: 13    Int:  4    God:    Trog [*****.]
Gold:   616        SH: 10    Dex: 14    Spells: 10/10 levels left

rFire   . . .      SeeInvis .   r - +0 war axe (venom)
rCold   . . .      Faith    .   l - +0 kite shield
rNeg    . . .      Spirit   .   w - +0 chain mail
rPois   .          Reflect  .   (helmet restricted)
rElec   .          Harm     .   n - +2 cloak
rCorr   +          Rampage  .   i - +0 pair of gloves
Will    .....                   (no boots)
Stlth   ..........              (no amulet)
HPRegen 0.26/turn               t - ring of Taular {rCorr Slay+4}
MPRegen 0.12/turn               s - +4 ring of evasion

@: no status effects
A: horns 2, retaliatory headbutt
a: Renounce Religion, Berserk, Trog's Hand, Brothers in Arms


You were on level 11 of the Dungeon.
You worshipped Trog.
Trog was extremely pleased with you.
You visited 1 branch of the dungeon, and saw 11 of its levels.

You collected 636 gold pieces.
You spent 20 gold pieces at shops.

Inventory:

Hand Weapons
 r - a +0 war axe of venom (weapon)
Armour
 i - a +0 pair of gloves (worn)
 l - a +0 kite shield (worn)
 n - a +2 cloak (worn)
 w - a +0 chain mail (worn)
Jewellery
 s - a +4 ring of evasion (right hand)
 t - the ring of Taular (left hand) {rCorr Slay+4}
   (You found it on level 6 of the Dungeon)

   [ring of slaying]

   Slay:      It affects your accuracy & damage with ranged weapons and melee
   (+4).
   rCorr:     It protects you from acid and corrosion.
Wands
 k - a wand of paralysis (7)
 u - a wand of acid (36)
Scrolls
 b - 2 scrolls of fog {unknown}
 d - 3 scrolls of blinking
 j - 3 scrolls of noise
 m - 5 scrolls of teleportation
 o - 2 scrolls of enchant weapon {unknown}
Potions
 a - a potion of attraction {unknown}
 c - a potion of brilliance {unknown}
 f - a potion of flight {unknown}
 g - 6 potions of curing {unknown}
 h - a potion of lignification {unknown}
 p - a potion of berserk rage {unknown}
 v - a potion of degeneration {unknown}
 x - a potion of resistance {unknown}
 z - a potion of haste {unknown}


   Skills:
 + Level 9.5 Fighting
 + Level 13.0 Axes
 + Level 8.5 Armour
 + Level 5.4 Dodging
 + Level 1.2 Stealth
 + Level 6.8 Shields
 * Level 7.3 Evocations


You had 10 spell levels left.
You didn't know any spells.
Your spell library was empty.

Dungeon Overview and Level Annotations

Branches:
Dungeon (11/15)            Temple (0/1) D:7            Lair (0/6) D:8
    Orc (0/2) D:9

Altars:
Ashenzari
Cheibriados
Dithmenos
Elyvilon
Kikubaaqudgha
Makhleb
Okawaru
Qazlal
Ru
Sif Muna
Vehumet
Xom

Shops:
D:4 **

Annotations:
D:10 exclusion: ice statue


Innate Abilities, Weirdness & Mutations

You have a pair of horns on your head.
You reflexively headbutt those who attack you in melee.


Message History

No target in view!
Partly explored, can't reach some places.
Search for what [Enter for "."]?
You drop a ring of magical power.
As you read the scroll of enchant armour, it crumbles to dust.
Your +1 cloak glows green for a moment.
You see here 18 sling bullets.
There is an open door here.
There is a stone staircase leading down here.
You climb downwards.
You feel a wave of frost pass over you.
There is an entrance to an ice cave on this level.
Hurry and find it before the portal melts!
The yaktaur shouts! x3
Found a pair of gloves, a scale mail and 10 gold pieces.
There is a stone staircase leading up here.
Okay, then.
You slash the yaktaur!
The yaktaur looks as sick as possible!
You headbutt the yaktaur.
The yaktaur is heavily wounded.
Unknown command.
You hit the yaktaur but do no damage. You headbutt the yaktaur!
The yaktaur is almost dead.
The yaktaur wields a +0 arbalest.
The yaktaur shoots a bolt.
The bolt hits you! The yaktaur hits you!
The yaktaur wields a +0 arbalest.
The yaktaur shoots a bolt.
The bolt hits you!!
Unknown command.
You hit the yaktaur.
The yaktaur is almost dead.
You kill the yaktaur!
Trog accepts your kill.
The yaktaur wields a +0 arbalest.
The yaktaur shoots a bolt.
The bolt hits you!!
The yaktaur shoots a bolt.
The bolt hits you!!
* * * LOW HITPOINT WARNING * * *
The yaktaur shoots a bolt.
The bolt hits you but does no damage.
A shadow comes into view.
You are too injured to fight recklessly!
Unknown command.
You are too injured to fight recklessly!
The yaktaur shoots a bolt.
The bolt hits you!!
You die...

#########+
#.........
#.........
#.........
#.........
#.........
#.@.......
#)...c....
#.c[.....W
#..c....[.
#.........
#.........
#...$.....
####+#####


You could see 3 yaktaurs and a shadow.

Vanquished Creatures
  3 two-headed ogres
  A cyclops (D:8)
  2 kobold demonologists (D:9)
  A yaktaur (D:11)
  A hornet (D:9)
  A troll (D:8)
  6 wyverns
  8 yaks (D:8)
  A basilisk (D:8)
  2 steam dragons (D:9)
  Menkaure (D:6)
  2 water moccasins (D:8)
  An acid dragon (D:9)
  An ice beast (D:5)
  2 orc warriors
  4 black bears
  2 hornet zombies
  3 necrophages
  4 wolves (D:8)
  An ogre (D:5)
  2 centaurs
  A phantom (D:4)
  3 kobold brigands
  5 bullfrogs
  3 scorpions
  4 water moccasin zombies
  2 wyvern zombies (D:6)
  2 water moccasin skeletons
  19 killer bees
  5 wights
  3 centaur zombies
  3 bullfrog zombies (D:5)
  2 hounds
  A gnoll shaman (D:5)
  A human zombie (D:6)
  2 orc priests
  A centaur skeleton (D:6)
  4 iguanas
  4 orc wizards
  2 scorpion zombies (D:5)
  A killer bee zombie (D:5)
  A hound zombie (D:5)
  2 mummies (D:6)
  3 howler monkey zombies
  3 gnolls (D:5)
  A howler monkey skeleton (D:5)
  6 adders
  A shadow imp (D:5)
  3 white imps
  An ufetubus (D:6)
  An adder skeleton (D:4)
  3 worms
  A dart slug (D:1)
  19 orcs
  8 endoplasms
  4 giant cockroaches
  10 goblins
  4 hobgoblins
  3 jackals (D:2)
  14 kobolds
  3 quokkas
  4 ball pythons
  7 bats
  5 frilled lizards
  6 rats
230 creatures vanquished.

Vanquished Creatures (others)
  A dart slug (D:3)
  2 fungi (D:8)
  7 plants (D:8)
  3 withered plants (D:5)
13 creatures vanquished.

Grand Total: 243 creatures vanquished

Notes
Turn   | Place    | Note
-------+----------+-------------------------------------------
     0 | D:1      | cbfl8 the Minotaur Berserker began the quest for the Orb.
     0 | D:1      | Reached XP level 1. HP: 19/19 MP: 0/0
   353 | D:1      | Reached XP level 2. HP: 26/27 MP: 1/1
   386 | D:1      | Found a faded altar of an unknown god.
   527 | D:1      | Reached skill level 4 in Axes
  1161 | D:1      | Reached XP level 3. HP: 33/33 MP: 2/2
  1867 | D:2      | Reached ** piety under Trog
  2120 | D:3      | Reached skill level 1 in Evocations
  2187 | D:3      | Reached XP level 4. HP: 33/41 MP: 3/3
  2680 | D:3      | Found a white marble altar of Elyvilon.
  2695 | D:3      | Found a stormy altar of Qazlal.
  3340 | D:4      | Reached skill level 5 in Axes
  3375 | D:4      | Reached XP level 5. HP: 31/47 MP: 4/4
  3764 | D:4      | Found Sakaosaf's General Store.
  3859 | D:4      | Found Ydun's Specific Store.
  3868 | D:4      | Bought a scroll of identify for 20 gold pieces
  3879 | D:4      | Found a radiant altar of Vehumet.
  3980 | D:4      | Found a shimmering altar of Xom.
  3992 | D:4      | Found an iron altar of Okawaru.
  4193 | D:4      | Reached XP level 6. HP: 29/55 MP: 5/5
  4647 | D:4      | Reached skill level 1 in Stealth
  4709 | D:4      | Reached skill level 5 in Fighting
  4817 | D:4      | Found a shimmering blue altar of Sif Muna.
  4903 | D:5      | Entered Level 5 of the Dungeon
  4917 | D:5      | Reached skill level 6 in Axes
  4978 | D:5      | Reached XP level 7. HP: 40/61 MP: 6/6
  5217 | D:5      | Reached skill level 1 in Shields
  5435 | D:5      | Noticed a wyvern
  5441 | D:5      | Killed a wyvern
  5442 | D:5      | Reached skill level 7 in Axes
  5615 | D:5      | Reached XP level 8. HP: 23/70 MP: 7/7
  5715 | D:5      | Reached skill level 5 in Armour
  6090 | D:5      | Reached *** piety under Trog
  6204 | D:6      | Found a burning altar of Makhleb.
  6310 | D:6      | Reached skill level 8 in Axes
  6578 | D:6      | Identified the ring of Taular {rCorr Slay+4}
  6667 | D:6      | Noticed Menkaure
  6672 | D:6      | Killed Menkaure
  6788 | D:6      | Reached XP level 9. HP: 76/78 MP: 8/8
  6879 | D:6      | Found an ancient bone altar of Kikubaaqudgha.
  7295 | D:7      | Reached skill level 9 in Axes
  7666 | D:7      | Reached skill level 5 in Evocations
  7682 | D:7      | Found a staircase to the Ecumenical Temple.
  7701 | D:7      | Reached **** piety under Trog
  8049 | D:7      | Found a snail-covered altar of Cheibriados.
  8168 | D:8      | Noticed a troll
  8175 | D:8      | Reached skill level 5 in Shields
  8176 | D:8      | Reached skill level 10 in Axes
  8176 | D:8      | Reached skill level 5 in Dodging
  8178 | D:8      | Killed a troll
  8181 | D:8      | Reached XP level 10. HP: 88/88 MP: 9/9
  8349 | D:8      | Reached skill level 11 in Axes
  8570 | D:8      | Noticed a cyclops
  8583 | D:8      | Killed a cyclops
  8741 | D:8      | Found a staircase to the Lair.
  9091 | D:9      | Reached skill level 12 in Axes
  9361 | D:9      | Noticed a two-headed ogre
  9362 | D:9      | Found a staircase to the Orcish Mines.
  9365 | D:9      | Killed a two-headed ogre
  9366 | D:9      | Reached XP level 11. HP: 97/97 MP: 10/10
  9374 | D:9      | Noticed a two-headed ogre
  9391 | D:9      | Killed a two-headed ogre
 10050 | D:9      | Noticed a sixfirhy
 10053 | D:9      | Reached ***** piety under Trog
 10173 | D:10     | Entered Level 10 of the Dungeon
 10217 | D:10     | Noticed a two-headed ogre
 10228 | D:10     | Killed a two-headed ogre
 10229 | D:10     | Reached skill level 13 in Axes
 10473 | D:10     | Found a broken altar of Ashenzari.
 10587 | D:10     | Found a shadowy altar of Dithmenos.
 10587 | D:10     | Found a sacrificial altar of Ru.
 11371 | D:11     | Shot with a bolt by a yaktaur

Illustrated notes

Levels and vault maps discovered:
D:1:      minmay_arrival_nine_rooms, layout_basic,
          chequers_ecumenical_altar_grove, st_stairs_6, minmay_misc_feat_doors,
          minmay_crystal_room, hangedman_decor_slide_cut, bh_walls_and_bars
D:2:      wad_pebble_path, layout_loops_ring
D:3:      layout_basic, grunt_qazlal_clouds, elyvilon_altar_1,
          skrybe_limestone_x
D:4:      layout_basic, lemuel_blue_sif_altar, nicolae_vehumet_altar_sigil,
          mainiacjoe_overflow_catwalk_spiral, nicolae_specific_store
D:5:      layout_cave_pools, serial_undead, serial_undead_f, serial_undead_b,
          serial_undead_d, serial_undead_b, lemuel_old_faithful
D:6:      layout_basic, mainiacjoe_overflow_concentric_impassable,
          lemuel_mausoleum_altar_kikubaaqudgha, uniq_menkaure
D:7:      layout_rooms, cheibrodos_worm_habitat, temple_fountains
D:8:      layout_rooms, minmay_lair_entry_grove
D:9:      layout_rooms, orc_0_dummy
D:10:     lemuel_ice_statue, layout_basic, ashenzari_altar_1,
          mainiacjoe_overflow_divided_tiny, hangedman_abyss_or_decor_lesser_grid
D:11:     layout_grid_maze, serial_shops, shop,
          gammafunk_ghost_wrathful_warriors, portal_ice_cave_entry_ice_simulacra

Skill      XL: |  1  2  3  4  5  6  7  8  9 10 11 |
---------------+----------------------------------+-----
Fighting       | 4 5 6 8 9 |  9.5
Axes           | 4 5 6 7 8 10 12 13 | 13.0
Evocations     | 1 2 3 4 5 6 7 |  7.3
Dodging        | 3 4 5 |  5.4
Armour         | 3 4 5 6 7 8 |  8.5
Stealth        | 1 |  1.2
Shields        | 1 3 5 6 |  6.8

Action                   |  1- 3 |  4- 6 |  7- 9 | 10-12 || total
-------------------------+-------+-------+-------+-------++-------
Melee: Hand axe          |   102 |   120 |       |       ||   222
       Headbutt          |    12 |    24 |    54 |    30 ||   120
       Punch             |       |     1 |       |       ||     1
       War axe           |       |    19 |   236 |   125 ||   380
Invok: Berserk           |       |     1 |     5 |     3 ||     9
  Use: Scroll            |     2 |     2 |     3 |     4 ||    11
 Stab: Sleeping          |     1 |       |       |       ||     1
Armor: Animal skin       |    12 |     6 |       |       ||    18
       Scale mail        |       |    38 |    88 |       ||   126
       Chain mail        |       |       |     7 |    63 ||    70
Dodge: Dodged            |    69 |    86 |   120 |    77 ||   352
Block: Kite shield       |       |    13 |   113 |    74 ||   200
